 Dungeon Crawl Stone Soup version 0.28-a0-1087-gf3fc490d9d (webtiles) character file.

Game seed: 11807970610733894338

26 spiderkeys the Ducker (level 2, 0/14 HPs)
             Began as a Felid Abyssal Knight on Dec 10, 2021.
             Was a Follower of Lugonu.
             Slain by an iguana (14 damage)
             ... on level 2 of the Dungeon.
             The game lasted 00:02:38 (1645 turns).

spiderkeys the Ducker (Felid Abyssal Knight)        Turns: 1645, Time: 00:02:38

Health: 0/14       AC:  1    Str:  9    XL:     2   Next: 89%
Magic:  4/4        EV: 18    Int: 11    God:    Lugonu [*.....]
Gold:   100        SH:  0    Dex: 16    Spells: 1/1 levels left
                                        Lives:  0   Deaths: 0

rFire   . . .      SeeInvis +     - Unarmed
rCold   . . .      Faith    .   (shield unavailable)
rNeg    . . .      Spirit   .   (armour unavailable)
rPois   .          Reflect  .   (helmet unavailable)
rElec   .          Harm     .   (cloak unavailable)
rCorr   .          Rampage  .   (gloves unavailable)
Will    .....                   (boots unavailable)
Stlth   +.........              (no amulet)
HPRegen 0.04/turn               (no ring)
MPRegen 0.09/turn               (no ring)

@: quick
A: very small, claws 1, fangs 3, see invisible, speed 1, shaggy fur 1, stealthy
paws, no weapons or thrown items, no armour, multi-lived
a: Renounce Religion, Depart the Abyss


You were on level 2 of the Dungeon.
You worshipped Lugonu.
Lugonu was aware of your devotion.
You visited 1 branch of the dungeon, and saw 2 of its levels.
You visited the Abyss 1 time.

You collected 100 gold pieces.


Innate Abilities, Weirdness & Mutations

You have sharp claws.
You have razor-sharp teeth.
You have supernaturally acute eyesight. (SInv)
You cover ground quickly. (Speed+)
You are covered in fur. (AC +1)
Your paws help you pounce on unaware monsters.
You are incapable of wielding weapons or throwing items.
You cannot wear armour.
You gain extra lives every three experience levels.


   Skills:
 - Level 3.0 Fighting
 + Level 3.8 Dodging
 * Level 3.1 Unarmed Combat
 - Level 1.7 Invocations


You had one spell level left.
You didn't know any spells.
Your spell library was empty.

Inventory:

Wands
 b - a wand of iceblast (4)
   (You found it on level 4 of the Abyss)
Potions
 a - a potion of magic {unknown}
 c - a potion of attraction {!q}
 d - 2 potions of brilliance {unknown}
 e - a potion of haste {unknown}

Dungeon Overview and Level Annotations

Branches:
Dungeon (2/15)

Altars:

#.#....≈≈.....#
#.##..≈≈......#
#.##......###.#
#.##.###### .#
#<#... . #.####
#.# #######.#
#...l@..#
#.####### #.#
#.# #.# #.# #.#
#.# #.#


You could see an iguana.


Message History

Lugonu accepts your kill.
No target in view!
No target in view!
No target in view!
A quokka comes into view.
A quokka is nearby!
A quokka is nearby!
The quokka bites you. 😕 HP[-3]
You take 3 damage, and now have 11/14 hp.
MASSIVE DAMAGE!! (PAUSE)
You closely miss the quokka. You claw the quokka.
The quokka closely misses you.
You completely miss the quokka. You bite the quokka.
You kill the quokka!
Lugonu accepts your kill.
Your Unarmed Combat skill increases to level 3!
Found a stone staircase leading down.
You see here a quokka corpse.
Key pressed, stopping explore.
Found a glowing scarf. 😎 HP[+3]
Your hp is fully restored (14).
You now have 83 gold pieces (gained 8).
Key pressed, stopping explore.
Key pressed, stopping explore.
You see here 7 stones.
You see here a +0 dagger.
You now have 100 gold pieces (gained 17).
Done exploring.
Done exploring.
There is a stone staircase leading down here.
You climb downwards.
There is a stone staircase leading up here.
There are monsters nearby!
There are monsters nearby!
The goblin shouts!
The hobgoblin shouts!
The goblin misses you.
You scratch the goblin.
You kill the goblin!
Lugonu accepts your kill.
You enter the shallow water.
Moving in this stuff is going to be slow.
The hobgoblin closely misses you.
Your unstable footing causes you to fumble your attack.
The hobgoblin hits you. 😕 HP[-3]
You take 3 damage, and now have 11/14 hp.
MASSIVE DAMAGE!! (PAUSE)
You enter the shallow water.
Moving in this stuff is going to be slow.
The hobgoblin barely misses you. The hobgoblin misses you.
You barely miss the hobgoblin.
The hobgoblin completely misses you. 😕 HP[+1]
You scratch the hobgoblin. You scratch the hobgoblin. The hobgoblin misses you.
You scratch the hobgoblin.
You kill the hobgoblin!
Lugonu accepts your kill.
Things that are here:
a +0 dagger; a goblin corpse; 😎 HP[+2]
Your hp is fully restored (14).
A goblin comes into view. It is wielding a +0 club.
A goblin is nearby!
A goblin is nearby!
Found a stone staircase leading down.
You scratch the goblin.
You kill the goblin!
Lugonu accepts your kill.
No target in view!
No target in view!
No target in view!
Things that are here:
a +0 club; a goblin corpse
There is a stone staircase leading down here.
There is a stone staircase leading down here.
Found an escape hatch in the floor.
There is an escape hatch in the floor here.
You see here a +0 robe.
You see here a +0 robe.
Found an escape hatch in the ceiling.
There is an escape hatch in the ceiling here.
An iguana comes into view.
The iguana hisses angrily.
The iguana misses you.
You barely miss the iguana. The iguana completely misses you.
You closely miss the iguana. You bite the iguana, but do no damage.
The iguana closely misses you.
You scratch the iguana. The iguana completely misses you.
You scratch the iguana but do no damage.
You bite the iguana, but do no damage. The iguana misses you.
The iguana barely misses you.
Aiming: Iceblast
Press: ? - help, Shift-Dir - straight line, f - iguana
Aim: an iguana (lightly wounded)
The mass of ice explodes!
The iceblast engulfs the iguana!
You scratch the iguana but do no damage.
The iguana bites you!
Ouch! That really hurt!
You die...

Skill      XL: |  1  2 |
---------------+-------+-----
Unarmed Combat | 3 |  3.1
Fighting       | |  3.0
Dodging        | |  3.8
Invocations    | |  1.7

Action                   || total
-------------------------++-------
Melee: Unarmed           ||    80
       Bite              ||     8
       Punch             ||     1
Invok: Depart the Abyss  ||     1
Evoke: Wand              ||     1
  Use: Scroll            ||     2
Armor: Skin              ||     4
Dodge: Dodged            ||    63

Levels and vault maps discovered:
D:1:      sevenhm_arrival_forest_fort_large_4, layout_rooms
D:2:      layout_basic, basic_altar, chequers_serial_rivers_micro_c,
          uniq_sigmund

Notes
Turn   | Place    | Note
-------+----------+-------------------------------------------
     0 | Abyss:1  | spiderkeys the Felid Abyssal Knight began the quest for the
                  | Orb.
     0 | Abyss:1  | Reached XP level 1. HP: 10/10 MP: 3/3
     0 | Abyss:1  | magus.rc [v1.9.10]
    35 | Abyss:1  | Noticed a ynoxinul
    36 | Abyss:1  | Noticed a neqoxec
    44 | Abyss:2  | Noticed a hellwing
    66 | Abyss:3  | Noticed an apocalypse crab
    73 | Abyss:3  | Noticed a hellion
    76 | Abyss:4  | Found a corrupted altar of Lugonu.
   113 | Abyss:4  | Noticed a bone dragon
   131 | Abyss:4  | Noticed a profane servitor
   136 | Abyss:4  | Noticed a starcursed mass
   141 | Abyss:4  | Noticed a green death
   144 | Abyss:4  | Noticed a large abomination
   145 | D:1      | You pass through the gate.
   145 | D:1      | Escaped the Abyss
   259 | D:1      | HP: 2/10 [goblin (1)]
   533 | D:1      | Reached * piety under Lugonu
   780 | D:1      | Reached XP level 2. HP: 14/14 MP: 4/4
  1293 | D:1      | Reached skill level 3 in Unarmed Combat
  1645 | D:2      | Slain by an iguana

Vanquished Creatures
  5 ball pythons (D:1)
  3 endoplasms (D:1)
  2 giant cockroaches (D:1)
  4 goblins
  3 hobgoblins
  A quokka (D:1)
  2 frilled lizards (D:1)
  A kobold (D:1)
  3 rats (D:1)
24 creatures vanquished.

Table legend:
 A = Non-vault XP
 B = Vault XP
 C = Vault XP percentage of total XP
 D = Non-vault monster count
 E = Vault monster count
 F = Vault count percentage of total count
                 A         B        C        D         E       F
            +---------+---------+-------+---------+---------+-------
      Total |      38 |       0 |   0.0 |      24 |       0 |   0.0
            +---------+---------+-------+---------+---------+-------
        D:1 |      33 |       0 |   0.0 |      21 |       0 |   0.0
        D:2 |       5 |       0 |   0.0 |       3 |       0 |   0.0
            +---------+---------+-------+---------+---------+-------

Illustrated notes

Table legend:
 A = Kills in this place as a percentage of kills in entire the game.
 B = Kills by you in this place as a percentage of kills by you in the entire game.
 C = Kills by friends in this place as a percentage of kills by friends in the entire game.
 D = Other kills in this place as a percentage of other kills in the entire game.
 E = Experience gained in this place as a percentage of experience gained in the entire game.
 F = Experience gained in this place divided by the number of levels of this place that you have seen.
                   A       B       C       D       E      F
               +-------+-------+-------+-------+-------+----------------------
         Total | 100.0 | 100.0 |   N/A |   N/A | 100.0 |   6.3
       Dungeon | 100.0 | 100.0 |   N/A |   N/A | 100.0 |  19.0
               +-------+-------+-------+-------+-------+----------------------

Table legend: (Time is in decaauts)
 A = Elapsed time spent in this place.
 B = Non-inter-level travel time spent in this place.
 C = Inter-level travel time spent in this place.
 D = Time resting spent in this place.
 E = Time spent auto-exploring this place.
 F = Levels seen in this place.
 G = Mean time per level.
                   A        B        C        D        E       F      G
               +--------+--------+--------+--------+--------+-----+--------+
         Total |   1509 |   1506 |      3 |      0 |   1244 |   6 |  251.5 |
       Dungeon |   1391 |   1388 |      3 |      0 |   1219 |   2 |  695.5 |
         Abyss |    117 |    117 |      0 |      0 |     24 |   4 |   29.2 |
               +--------+--------+--------+--------+--------+-----+--------+

Top non-repeatable levels by time:
     D:1: 1229 daAuts
     D:2: 162 daAuts
 Abyss:4: 56 daAuts
 Abyss:1: 33 daAuts
 Abyss:3: 23 daAuts
 Abyss:2: 4 daAuts
